 Dungeon Crawl Stone Soup version 0.22.0-25-g7663229 (webtiles) character file.

14 Chikkuri the Skirmisher (level 2, 0/24 HPs)
             Began as a Mummy Warper on Aug 21, 2018.
             Slain by a giant cockroach (1 damage)
             ... on level 1 of the Dungeon.
             The game lasted 00:01:48 (353 turns).

Chikkuri the Skirmisher (Mummy Warper)               Turns: 353, Time: 00:01:49

Health: 0/24       AC:  3    Str: 14    XL:     2   Next: 31%
Magic:  5/5        EV: 11    Int: 12    God:
Gold:   7          SH:  0    Dex: 11    Spells: 6/6 levels left

rFire    x . .     SeeInvis .   a - +0 mace
rCold    + . .     Gourm    .   (no shield)
rNeg     + + +     Faith    .   b - +0 leather armour
rPois    ∞         Spirit   .   (no helmet)
rElec    .         Reflect  .   (no cloak)
rCorr    .         Harm     .   (no gloves)
MR       .....                  (no boots)
Stlth    +.........             (no amulet)
HPRegen  0.08/turn              (no ring)
MPRegen  0.09/turn              (no ring)

@: no status effects
A: no food or potions, fire vulnerability, cold resistance 1, negative energy
resistance 3, torment resistance, unbreathing
a: no special abilities


You were on level 1 of the Dungeon.
You were not hungry.

You visited 1 branch of the dungeon, and saw 2 of its levels.

You collected 7 gold pieces.

Inventory:

Hand Weapons
 a - a +0 mace (weapon)
Missiles
 e - 3 tomahawks of dispersal (quivered)
Armour
 b - a +0 leather armour (worn)


   Skills:
 + Level 3.0 Fighting
 - Level 1.5 Maces & Flails
 - Level 0.7 Throwing
 - Level 0.7 Armour
 - Level 1.5 Dodging
 - Level 2.6 Spellcasting
   Level 2.4 Translocations


You had 6 spell levels left.
You didn't know any spells.
Your spell library contained the following spells:

 Spells                   Type           Power        Failure   Level  Hunger
 Blink                    Tloc           N/A          19%         2    N/A
 Shroud of Golubria       Chrm/Tloc      #.........   30%         2    N/A
 Gell's Gravitas          Tloc           #.........   34%         3    N/A
 Lesser Beckoning         Tloc           #.........   34%         3    N/A
 Teleport Other           Tloc           #.......     34%         3    N/A
 Passage of Golubria      Tloc           N/A          75%         4    N/A

Dungeon Overview and Level Annotations

Branches:
Dungeon (2/15)

Altars:


Innate Abilities, Weirdness & Mutations

You do not eat or drink.
Your flesh is vulnerable to fire.
You are immune to poison.
Your flesh is cold resistant. (rC+)
You are immune to negative energy. (rN+++)
You are immune to unholy pain and torment.
You can survive without breathing.


Message History

You closely miss the kobold. The kobold closely misses you.
You closely miss the kobold. The kobold closely misses you.
The kobold hits you but does no damage.
You hit the kobold.
The kobold is moderately wounded.
The kobold hits you with a whip.
* * * LOW HITPOINT WARNING * * *
You miss the kobold. The kobold misses you.
You hit the kobold but do no damage. The kobold hits you with a whip.
* * * LOW HITPOINT WARNING * * *
The kobold hits you but does no damage.
Unknown command.
You barely miss the kobold. The kobold closely misses you.
You sock the kobold!
You kill the kobold!
You hit the giant cockroach.
The giant cockroach is almost dead.
The giant cockroach bites you but does no damage.
The giant cockroach bites you.
You die...

♣♣♣♣♣♣♣♣♣♣♣
#########
♣<.......>♣
#.s(....#
♣.........♣
#.#####.#########
♣.[.......♣ ##.##
#.K.s.§Ks@#
♣.........♣ ..K.#
########### ≈
♣.........♣
##s.#########
♣≈≈♣.........♣
##......KrK.#
♣≈≈≈≈........♣
......#####.#
♣♣≈≈≈≈≈≈.≈...♣
.......## #.######
♣♣≈≈≈≈≈.≈≈≈≈♣♣
........# #K.....#
♣♣≈≈≈≈.≈≈≈≈≈≈
.!......###K.#####
♣...≈.≈≈≈≈≈≈
.................#
♣........≈≈≈


You could see a giant cockroach and a kobold.

Vanquished Creatures
  4 goblins (D:1)
  2 hobgoblins (D:1)
  2 kobolds (D:1)
  A bat (D:1)
  A frilled lizard (D:1)
  4 rats (D:1)
14 creatures vanquished.

Notes
Turn   | Place    | Note
-------+----------+-------------------------------------------
     0 | D:1      | Chikkuri the Mummy Warper began the quest for the Orb.
     0 | D:1      | Reached XP level 1. HP: 16/16 MP: 4/4
   128 | D:1      | Reached XP level 2. HP: 22/23 MP: 5/5
   132 | D:1      | You fall through a shaft!
   342 | D:1      | Reached skill level 3 in Fighting
   350 | D:1      | HP: 1/24 [kobold/whip (5)]
   353 | D:1      | Slain by a giant cockroach

Skill      XL: |  1  2 |
---------------+-------+-----
Fighting       | 3 |  3.0
Maces & Flails | |  1.5
Throwing       | |  0.7
Armour         | |  0.7
Dodging        | |  1.5
Spellcasting   | |  2.6
Translocations | |  2.4

Action                   || total
-------------------------++-------
Melee: Mace              ||    40
Throw: Tomahawk          ||     2
  Use: Scroll            ||     3
Armor: Leather armour    ||    14
Dodge: Dodged            ||    42
